 Dungeon Crawl Stone Soup version 0.31-a0-654-gbe3e110b4e (webtiles) character file.

Game seed: 1417120688346898097

1618 Sanktem7 the Cleaver (level 8, 0/68 (71) HPs)
             Began as a Minotaur Fighter on Aug 29, 2023.
             Slain by a wight
             ... wielding a +2 hand axe of electrocution
              (6 damage)
             ... on level 6 of the Dungeon.
             The game lasted 00:07:42 (4814 turns).

Sanktem7 the Cleaver (Minotaur Fighter)             Turns: 4814, Time: 00:07:42

HP:   0/68 (71)     AC:  9    Str: 23    XL:     8   Next: 64%
MP:   7/7           EV:  9    Int:  5    God:
Gold: 254           SH:  5    Dex: 10    Spells: 7/7 levels left

rFire   + . .        a - +0 war axe (vamp) {axe}
rCold   + . .        c - +0 buckler
rNeg    . . .        b - +0 scale mail
rPois   .            (helmet restricted)
rElec   .            g - scarf {rC+ rF+}
rCorr   +            (no gloves)
SInv    .            r - +0 pair of boots
Will    .....        v - amulet of the acrobat Stlth
                     D - ring of resist corrosion
HPRegen 0.31/turn    (no ring)
MPRegen 0.10/turn

%: acrobat
@: lightly drained
A: horns 2, retaliatory headbutt
a: no special abilities


You were on level 6 of the Dungeon.
You visited 1 branch of the dungeon, and saw 6 of its levels.

You collected 254 gold pieces.


Innate Abilities, Weirdness & Mutations

You have a pair of horns on your head.
You reflexively headbutt those who attack you in melee.


   Skills:
 + Level 6.6 Fighting
 * Level 8.2 Axes
 + Level 3.4 Throwing
 + Level 6.6 Armour
 + Level 6.5 Shields


You had 7 spell levels left.
You didn't know any spells.
Your spell library contained the following spells:

 Spells                   Type           Power      Damage    Failure   Level
 Magic Dart               Conj           0%         1d3       83%         1
 Shock                    Conj/Air       0%         1d3       83%         1
 Call Imp                 Summ           0%         N/A       92%         2
 Mephitic Cloud           Conj/Pois/Air  0%         N/A       99%         3
 Swiftness                Air            0%         N/A       99%         3
 Airstrike                Air            0%         2d(0-16)  100%        4

Inventory:

Hand Weapons
 a - a +0 vampiric war axe (weapon) {axe}
 E - a +1 whip of freezing {mace}
   (You took it off Pikel on level 5 of the Dungeon)
Missiles
 f - 64 stones {throwing}
 u - 5 boomerangs {throwing}
 y - a throwing net {=f!fthrowing}
Armour
 b - a +0 scale mail (worn)
 c - a +0 buckler (worn)
 g - a scarf of resistance (worn)
   (You found it on level 1 of the Dungeon)
 h - the +0 pair of gloves of the Prince of Darkness {rElec}
   (You found it on level 6 of the Dungeon)

   rElec:     It insulates you from electricity.
 r - a +0 pair of boots (worn)
   (You found it on level 2 of the Dungeon)
 F - a +0 cloak
   (You found it on level 5 of the Dungeon)
Jewellery
 v - an amulet of the acrobat (around neck)
   (You took it off a goblin on level 4 of the Dungeon)
 D - a ring of resist corrosion (left hand)
   (You found it on level 5 of the Dungeon)
Wands
 B - a wand of flame (6)
   (You found it on level 5 of the Dungeon)
 C - a wand of iceblast (14)
   (You found it on level 5 of the Dungeon)
Scrolls
 n - 2 scrolls of fog
Potions
 d - a potion of might
 e - a potion of brilliance
 o - a potion of curing {@q1}
 q - 2 potions of heal wounds {@q2}
 s - a potion of attraction {!q}
 t - a potion of resistance {unknown}
 x - a potion of magic {unknown}
 z - a potion of mutation {unknown}

Dungeon Overview and Level Annotations

Branches:
Dungeon (6/15) Zot: 26690
 Temple: D:4-7

Altars:

#. ###. ........#
.......# #########
......# #.......#
......#######.......#
......z)............#
#...)@............#
#................#
+................##
#..................
#..................
###................
####...............#
#...##############.#
#...+ .#


You could see a wight.


Message History

The adder hisses angrily. 😎 HP[+3]
Your hp is fully restored (71).
An adder is nearby!
An adder is nearby!
There is an open door here.
You hit the adder. The adder closely misses you. You furiously retaliate!
You headbutt the adder!
You kill the adder!
No target in view!
No target in view!
No target in view!
No target in view!
No target in view!
You see here an adder corpse.
You now have 230 gold pieces (gained 10).
You see here an adder corpse.
Key pressed, stopping explore.
An orc comes into view. It is wielding a +0 club.
The orc shouts!
The orc moves out of view.
An orc is nearby!
You block the orc's attack.
You slash the orc!
You kill the orc!
No target in view!
No target in view!
No target in view!
No target in view!
No target in view!
Things that are here:
a +0 club {mace}; an orc corpse
h - the +0 pair of gloves of the Prince of Darkness {rElec} You now have 242 gold pieces (gained 12).
You now have 248 gold pieces (gained 6).
You now have 254 gold pieces (gained 6).
f - 64 stones {throwing} (gained 5) Key pressed, stopping explore.
A wight comes into view. It is wielding a +0 dire flail.
A wight is nearby!
A wight comes into view. It is wielding a +3 flail.
A wight comes into view.
It is wielding a +2 hand axe of electrocution.
A wight comes into view. It is wielding a +0 falchion.
The wight misses you.
You closely miss the wight. You headbutt the wight.
You hit the wight but do no damage. You block the wight's attack.
You hit the wight but do no damage. You headbutt the wight!
You hit the wight but do no damage.
The wight hits you with a +0 dire flail!
You feel drained. The wight closely misses you. You furiously retaliate!
You headbutt the wight! 😕 HP[-10]
You now have 69 max hp (-2).
You take 10 damage, and now have 61/69 hp.
You barely miss the wight. Your headbutt misses the wight.
You hit the wight but do no damage. x2; You block the wight's attack.
The wight hits you with a +0 dire flail.
The wight barely misses you. You furiously retaliate!
You headbutt the wight, but do no damage.
The wight closely misses you. You furiously retaliate!
You headbutt the wight!
You destroy the wight!
The wight hits you with a +2 hand axe of electrocution.
You are electrocuted!!
The wight hits you with a +0 dire flail!
* * * LOW HITPOINT WARNING * * *
You feel drained. 😨 HP[-37]
You now have 68 max hp (-1).
You take 37 damage, and now have 24/68 hp.
MASSIVE DAMAGE!! (PAUSE)
You slash the wight!
You headbutt the wight, but do no damage.
You hit the wight. The wight hits you but does no damage.
You block the wight's attack.
You hit the wight. Your headbutt misses the wight. You hit the wight.
You closely miss the wight. The wight hits you but does no damage.
The wight hits you with a +0 dire flail.
* * * LOW HITPOINT WARNING * * *
You feel drained.
* * * LOW HITPOINT WARNING * * *
The wight hits you with a +2 hand axe of electrocution.
* * * LOW HITPOINT WARNING * * *
😱 HP[-12]
You now have 66 max hp (-2).
You take 12 damage, and now have 12/66 hp.
Unknown command.
You hit the wight but do no damage. You headbutt the wight.
You slash the wight!
You destroy the wight!
You closely miss the wight.
The wight hits you with a +2 hand axe of electrocution!
* * * LOW HITPOINT WARNING * * *
The wight barely misses you. You furiously retaliate!
You headbutt the wight! 😱 HP[-6]
You now have 68 max hp (+2).
You take 6 damage, and now have 6/68 hp.
You barely miss the wight. You hit the wight.
You destroy the wight!
The wight hits you with a +2 hand axe of electrocution.
You die...

Skill      XL: |  1  2  3  4  5  6  7  8 |
---------------+-------------------------+-----
Axes           | 3 5 6 7 8 |  8.2
Armour         | 4 5 6 |  6.6
Shields        | 4 5 6 |  6.5
Fighting       | 4 5 6 |  6.6
Throwing       | 1 2 3 |  3.4

Action                     |  1- 3 |  4- 6 |  7- 9 || total
---------------------------+-------+-------+-------++-------
  Melee: War axe           |    72 |   130 |    89 ||   291
         Headbutt          |     5 |    15 |    16 ||    36
    Use: Scroll            |       |       |     9 ||     9
 Armour: Scale mail        |    44 |    61 |    23 ||   128
  Dodge: Dodged            |    36 |    67 |    37 ||   140
  Block: Buckler           |    19 |    38 |    20 ||    77

Levels and vault maps discovered:
D:1:      evilmike_arrival_crescent, layout_basic, minmay_pentomino_s4
D:2:      layout_loops_ring, hellmonk_ecumenical_altar_run_dry,
          serial_bayou_pond_d, minmay_misc_feat_enclosed
D:3:      layout_loops_ring, uniq_grinder
D:4:      layout_loops_ring
D:5:      layout_basic, uniq_pikel
D:6:      layout_basic, hangedman_abyss_or_decor_passed, uniq_crazy_yiuf_cottage

Notes
Turn   | Place    | Note
-------+----------+-------------------------------------------
     0 | D:1      | Sanktem7 the Minotaur Fighter began the quest for the Orb.
     0 | D:1      | Reached XP level 1. HP: 19/19 MP: 0/0
     0 | D:1      | magus.rc [v1.9.6]
   184 | D:1      | Reached XP level 2. HP: 21/27 MP: 1/1
   413 | D:1      | Reached skill level 3 in Axes
   605 | D:1      | You pick up a book of Minor Magic and begin reading...
   605 | D:1      | You add the spells Magic Dart, Call Imp and Mephitic Cloud
                  | to your library.
   662 | D:2      | Reached skill level 4 in Armour
   677 | D:2      | Reached XP level 3. HP: 33/33 MP: 2/2
   688 | D:2      | Reached skill level 4 in Shields
   694 | D:2      | Reached skill level 4 in Fighting
   839 | D:2      | Reached XP level 4. HP: 28/40 MP: 3/3
   905 | D:2      | Found a faded altar of an unknown god.
  1118 | D:2      | Reached skill level 4 in Axes
  1404 | D:3      | Noticed Grinder
  1424 | D:2      | Paralysed by Grinder for 2 turns
  1433 | D:2      | HP: 8/40 [Grinder/nerve-wracking pain (10)]
  1436 | D:2      | Killed Grinder
  1437 | D:2      | Reached skill level 5 in Axes
  1437 | D:2      | Reached XP level 5. HP: 10/47 MP: 4/4
  1437 | D:2      | Reached XP level 6. HP: 12/55 MP: 5/5
  1601 | D:3      | HP: 13/55 [gnoll/+0 halberd (3)]
  1639 | D:3      | HP: 12/55 [gnoll/+0 spear (3)]
  1642 | D:3      | Reached skill level 5 in Armour
  1850 | D:3      | Reached skill level 5 in Fighting
  2050 | D:3      | Reached skill level 5 in Shields
  2749 | D:4      | You pick up a book of Air and begin reading...
  2749 | D:4      | You add the spells Shock, Swiftness and Airstrike to your
                  | library.
  2795 | D:4      | Reached skill level 1 in Throwing
  3100 | D:4      | Reached skill level 6 in Axes
  3100 | D:4      | Reached XP level 7. HP: 55/61 MP: 6/6
  3288 | D:5      | Entered Level 5 of the Dungeon
  4080 | D:5      | Noticed Pikel
  4093 | D:5      | Killed Pikel
  4094 | D:5      | Reached skill level 6 in Fighting
  4094 | D:5      | Reached skill level 7 in Axes
  4094 | D:5      | Reached skill level 2 in Throwing
  4094 | D:5      | Reached skill level 6 in Armour
  4094 | D:5      | Reached skill level 6 in Shields
  4094 | D:5      | Reached XP level 8. HP: 49/70 MP: 7/7
  4244 | D:5      | Reached skill level 3 in Throwing
  4666 | D:6      | Reached skill level 8 in Axes
  4761 | D:6      | Identified the +0 pair of gloves of the Prince of Darkness
                  | {rElec}
  4812 | D:6      | HP: 16/66 [wight/+0 dire flail (2)]
  4813 | D:6      | HP: 6/66 [wight/+2 hand axe of electrocution (7)]
  4814 | D:6      | Slain by a wight

Vanquished Creatures
  Pikel (D:5)
  Grinder (D:2)
  2 ogres (D:5)
  A centaur (D:5)
  A lemure (D:5)
  2 bullfrogs (D:6)
  3 wights (D:6)
  A hound (D:4)
  2 orc priests
  2 jellies
  2 iguanas
  2 orc wizards (D:5)
  6 gnolls
  7 adders
  A worm (D:3)
  3 dart slugs
  16 orcs
  5 endoplasms
  3 giant cockroaches
  8 goblins
  7 hobgoblins
  5 quokkas
  15 ball pythons
  6 bats
  4 kobolds
  3 rats
109 creatures vanquished.

Table legend:
 A = Non-vault XP
 B = Vault XP
 C = Vault XP percentage of total XP
 D = Non-vault monster count
 E = Vault monster count
 F = Vault count percentage of total count
                 A         B        C        D         E       F
            +---------+---------+-------+---------+---------+-------
      Total |    1435 |     949 |  39.8 |     103 |       5 |   4.6
            +---------+---------+-------+---------+---------+-------
        D:1 |      32 |       5 |  13.5 |      18 |       3 |  14.3
        D:2 |      97 |     281 |  74.3 |      19 |       1 |   5.0
        D:3 |     100 |       0 |   0.0 |      19 |       0 |   0.0
        D:4 |     222 |       0 |   0.0 |      22 |       0 |   0.0
        D:5 |     565 |     663 |  54.0 |      15 |       1 |   6.2
        D:6 |     419 |       0 |   0.0 |      10 |       0 |   0.0
            +---------+---------+-------+---------+---------+-------

Skill      XL: |  1  2  3  4  5  6  7  8 |
---------------+-------------------------+-----
Axes           | 3 5 6 7 8 |  8.2
Armour         | 4 5 6 |  6.6
Shields        | 4 5 6 |  6.5
Fighting       | 4 5 6 |  6.6
Throwing       | 1 2 3 |  3.4

Action                     |  1- 3 |  4- 6 |  7- 9 || total
---------------------------+-------+-------+-------++-------
  Melee: War axe           |    72 |   130 |    89 ||   291
         Headbutt          |     5 |    15 |    16 ||    36
    Use: Scroll            |       |       |     9 ||     9
 Armour: Scale mail        |    44 |    61 |    23 ||   128
  Dodge: Dodged            |    36 |    67 |    37 ||   140
  Block: Buckler           |    19 |    38 |    20 ||    77

Illustrated notes

Table legend:
 A = Kills in this place as a percentage of kills in the entire game.
 B = Kills by you in this place as a percentage of kills by you in the entire game.
 C = Kills by friends in this place as a percentage of kills by friends in the entire game.
 D = Other kills in this place as a percentage of other kills in the entire game.
 E = Experience gained in this place as a percentage of experience gained in the entire game.
 F = Experience gained in this place divided by the number of levels of this place that you have seen.
                   A       B       C       D       E      F
               +-------+-------+-------+-------+-------+----------------------
         Total | 100.0 | 100.0 |   N/A |   N/A | 100.0 | 397.3
       Dungeon | 100.0 | 100.0 |   N/A |   N/A | 100.0 | 397.3
               +-------+-------+-------+-------+-------+----------------------

Table legend: (Time is in decaauts)
 A = Elapsed time spent in this place.
 B = Non-inter-level travel time spent in this place.
 C = Inter-level travel time spent in this place.
 D = Time resting spent in this place.
 E = Time spent auto-exploring this place.
 F = Levels seen in this place.
 G = Mean time per level.
                   A        B        C        D        E       F      G
               +--------+--------+--------+--------+--------+-----+--------+
         Total |   4896 |   4786 |    110 |    244 |   3702 |   6 |  816.0 |
       Dungeon |   4896 |   4786 |    110 |    244 |   3702 |   6 |  816.0 |
               +--------+--------+--------+--------+--------+-----+--------+

Top non-repeatable levels by time:
     D:5: 1160 daAuts
     D:2: 945 daAuts
     D:3: 927 daAuts
     D:4: 873 daAuts
     D:1: 680 daAuts
     D:6: 308 daAuts
